 Dungeon Crawl Stone Soup version 0.31-a0-182-gc5ef74bbde (webtiles) character file.

Game seed: 4558029500645218569

1140 fozzywoppz the Trooper (level 8, -11/64 HPs)
             Began as a Demonspawn Monk on June 20, 2023.
             Was a Believer of Qazlal.
             Killed by divine providence
             ... invoked by an orc priest
              (15 damage)
             ... on level 5 of the Dungeon.
             The game lasted 00:08:23 (4174 turns).

fozzywoppz the Trooper (Demonspawn Monk)            Turns: 4174, Time: 00:08:24

Health: -11/64     AC:  5    Str: 12    XL:     8   Next: 14%
Magic:  9/10       EV: 13    Int: 11    God:    Qazlal [**....]
Gold:   205        SH:  2    Dex: 18    Spells: 7/7 levels left

rFire   . .          .
                       - Unarmed
rCold   . . .        c - orb {light}
rNeg    . . .        j - +0 ring mail
rPois   .            (helmet restricted)
rElec   .            (no cloak)
rCorr   .            (no gloves)
SInv    .            (no boots)
Will    .....        (no amulet)
Stlth   +            (no ring)
HPRegen 0.30/turn    (no ring)
MPRegen 0.12/turn

%: no passive effects
@: glowing
A: horns 2, powered by pain 1, weakness stinger 1, demonic touch 1
a: Renounce Religion, Upheaval


You were on level 5 of the Dungeon.
You worshipped Qazlal.
Qazlal was pleased with you.
You visited 2 branches of the dungeon, and saw 6 of its levels.

You collected 205 gold pieces.

Inventory:

Hand Weapons
 b - the +6 dagger of the Gibberer {spect, rF- rC+++ rCorr Stlth+}
   (You found it on level 4 of the Dungeon)

   rF:        It makes you vulnerable to fire.
   rC:        It renders you almost immune to cold.
   rCorr:     It protects you from acid and corrosion.
   Stlth:     It makes you more stealthy.
Missiles
 r - 6 curare-tipped darts
 u - 2 boomerangs
Armour
 a - a +0 robe
 c - an orb of light (worn)
 j - a +0 ring mail (worn)
Jewellery
 m - a ring of wizardry
Wands
 t - a wand of flame (43)
Scrolls
 d - 2 scrolls of identify
 f - a scroll of amnesia
 k - a scroll of fog {unknown}
 o - a scroll of noise {unknown}
 v - a scroll of immolation {unknown}
Potions
 i - a potion of curing
 l - 3 potions of attraction
 n - a potion of mutation
 p - a potion of might


   Skills:
 + Level 6.3 Fighting
 - Level 5.2 Dodging
 + Level 5.8 Unarmed Combat
 + Level 2.7 Invocations


You had 7 spell levels left.
You didn't know any spells.
Your spell library contained the following spells:

 Spells                   Type           Power      Damage    Failure   Level
 Freeze                   Ice            0%         1d3       63%         1
 Ensorcelled Hibernation  Hex/Ice        0%         N/A       77%         2
 Frozen Ramparts          Ice            0%         1d1       94%         3
 Hailstorm                Conj/Ice       0%         3d3       94%         3
 Spider Form              Tmut/Pois      0%         N/A       94%         3
 Anguish                  Hex/Necr       0%         N/A       100%        4


Dungeon Overview and Level Annotations

Branches:
Dungeon (5/15)             Temple (1/1) D:5

Altars:
Ashenzari
Cheibriados
Dithmenos
Fedhas
Gozag
Hepliaklqana
Kikubaaqudgha
Makhleb
Nemelex Xobeh
Okawaru
Qazlal
Ru
Sif Muna
Trog
Uskayaw
Vehumet
Wu Jian
Xom
Yredelemnul


Innate Abilities, Weirdness & Mutations

You have a pair of horns on your head.
You sometimes gain a little power by taking damage.
You have a small tail.
Your touch may inflict minor irresistible damage on your foes.


Message History

The orc priest mumbles some strange prayers to Beogh against you.
Beogh smites you! The orc priest barely misses you.
The orc wizard barely misses you.
You hit the orc priest.
The orc priest is lightly wounded.
The orc priest invokes the aid of Beogh against you.
Beogh smites you! The orc hits you with a +1 heavy mace!
The orc wizard hits you with a +0 dagger.
The orc priest misses you.
You are too injured to fight recklessly!
Unknown command.
You block the orc wizard's attack.
The orc priest attacks as you move away!
You block the orc priest's attack.
The orc priest attacks as you move away!
The orc priest hits you with a +0 club.
The orc priest invokes the aid of Beogh against you.
Beogh smites you!
* * * LOW HITPOINT WARNING * * *
You hit the orc wizard. You headbutt the orc wizard!
The orc wizard is severely wounded.
The orc wizard closely misses you.
You hit the orc wizard but do no damage.
The orc wizard is severely wounded.
The orc wizard hits you with a +0 dagger.
* * * LOW HITPOINT WARNING * * *
You closely miss the orc wizard. Your headbutt misses the orc wizard.
The orc wizard is severely wounded.
You hit the orc wizard. You tail-slap the orc wizard.
You kill the orc wizard!
Qazlal accepts your kill.
The orc priest mumbles some strange prayers to Beogh against you.
Beogh smites you!
* * * LOW HITPOINT WARNING * * *
You punch the orc!
You kill the orc!
Qazlal accepts your kill.
The orc priest invokes the aid of Beogh against you.
Beogh smites you!
You die...

.....#....+.....#
.....#....#.....#
.....#....#..<..#
.....##...###'####
#'#####...##.....#
.....'...........#
.....#......)..oo#
.#..###..###.o##)#
....##.....#..##@####
....#..#.#....#.....#
....#.......Yo#.....#
#...#..#.#....#.....#
#...#........รท'.....#
#...+.......).#.....#
###.###.###bb)###..##
# #..)########+#
#..b.bbbbbb..# o.


You could see an orc priest and an orc.

Vanquished Creatures
  4 ogres
  A centaur (D:5)
  A phantom (D:4)
  2 scorpions
  A gnoll bouda (D:5)
  An orc priest (D:3)
  A hound (D:4)
  An iguana (D:5)
  Terence (D:2)
  Natasha (thrice) (D:3)
  3 orc wizards
  10 gnolls
  7 adders
  2 worms
  A dart slug (D:2)
  8 orcs
  3 endoplasms
  3 giant cockroaches
  6 goblins
  6 hobgoblins
  9 jackals
  5 kobolds
  2 quokkas
  6 ball pythons
  2 bats (D:1)
  2 frilled lizards
  5 rats
96 creatures vanquished.

Notes
Turn   | Place    | Note
-------+----------+-------------------------------------------
     0 | D:1      | fozzywoppz the Demonspawn Monk began the quest for the Orb.
     0 | D:1      | Reached XP level 1. HP: 18/18 MP: 1/1
   164 | D:1      | Discovered your monstrous ancestry.
   164 | D:1      | Gained mutation: Your touch may inflict minor irresistible
                  | damage on your foes. [demonic ancestry]
   164 | D:1      | Reached XP level 2. HP: 3/24 MP: 2/2
   517 | D:1      | Gained mutation: You have a pair of small horns on your
                  | head. [demonic ancestry]
   517 | D:1      | Reached XP level 3. HP: 18/29 MP: 3/3
   920 | D:2      | Found a faded altar of an unknown god.
   970 | D:2      | Noticed Terence
   979 | D:2      | Killed Terence
   980 | D:2      | Gained mutation: You sometimes gain a little power by
                  | taking damage. [demonic ancestry]
   980 | D:2      | Reached XP level 4. HP: 20/37 MP: 4/4
  1118 | D:2      | Identified the +6 flail "Cimm" {flame, rPois rC+ Will-
                  | Stlth+}
  1610 | D:3      | Reached skill level 4 in Fighting
  1610 | D:3      | Reached XP level 5. HP: 30/42 MP: 5/5
  1847 | D:3      | Noticed Natasha
  1856 | D:3      | Killed Natasha
  1908 | D:3      | Noticed Natasha
  1923 | D:3      | Killed Natasha
  2129 | D:3      | Noticed Natasha
  2143 | D:3      | Killed Natasha
  2375 | D:4      | Noticed an ogre
  2395 | D:4      | Killed an ogre
  2396 | D:4      | Reached XP level 6. HP: 20/49 MP: 6/6
  2454 | D:4      | Identified the +6 dagger of the Gibberer {spect, rF- rC+++
                  | rCorr Stlth+}
  2562 | D:4      | Reached skill level 5 in Fighting
  2651 | D:4      | Gained mutation: You have a small tail. [demonic ancestry]
  2651 | D:4      | Reached XP level 7. HP: 29/56 MP: 7/7
  2917 | D:4      | Reached skill level 5 in Unarmed Combat
  3168 | D:4      | Reached skill level 5 in Dodging
  3213 | D:5      | Entered Level 5 of the Dungeon
  3389 | D:5      | Found a staircase to the Ecumenical Temple.
  3400 | Temple   | Entered the Ecumenical Temple
  3589 | Temple   | Became a worshipper of Qazlal Stormbringer
  3589 | Temple   | Reached * piety under Qazlal
  3589 | Temple   | Reached ** piety under Qazlal
  3624 | D:5      | Reached skill level 1 in Invocations
  3667 | D:5      | Reached skill level 6 in Fighting
  3959 | D:5      | Gained mutation: You have a pair of horns on your head.
                  | [demonic ancestry]
  3959 | D:5      | Reached XP level 8. HP: 24/64 MP: 9/9
  4174 | D:5      | Killed from afar by an orc priest

Illustrated notes

Levels and vault maps discovered:
D:1:      evilmike_arrival_fibonacci_small, layout_basic, serial_bayou_pond_d
D:2:      layout_rooms, shapermc_ecumenical_altar_venn, uniq_terence
D:3:      layout_loops_ring, kennysheep_boxes, uniq_natasha
D:4:      layout_rooms, mainiacjoe_overflow_boulevard
D:5:      layout_gridville, minmay_temple_entry_hall, serial_glass,
          glass_columns_a, glass_columns_a, minmay_strange_pillars,
          item_on_display_a, due_unseen_surprise, item_on_display_a,
          minmay_increasing_density
Temple:   nicolae_temple_slightly_damp_pantheon

Skill      XL: |  1  2  3  4  5  6  7 |
---------------+----------------------+-----
Unarmed Combat | 3 4 5 |  5.8
Dodging        | 3 4 5 |  5.2
Fighting       | 4 5 6 |  6.3
Invocations    | 2 |  2.7

Action                     |  1- 3 |  4- 6 |  7- 9 || total
---------------------------+-------+-------+-------++-------
  Melee: Unarmed           |    83 |   150 |    94 ||   327
         Headbutt          |    12 |    39 |    28 ||    79
         Tailslap          |       |       |    20 ||    20
  Evoke: Wand              |       |       |     3 ||     3
    Use: Scroll            |       |     1 |     6 ||     7
         Potion            |       |     5 |       ||     5
 Armour: Robe              |    11 |       |       ||    11
         Ring mail         |     3 |    40 |    16 ||    59
  Dodge: Dodged            |    72 |   112 |    54 ||   238
  Block: Orb               |       |       |     4 ||     4

Table legend: (Time is in decaauts)
 A = Elapsed time spent in this place.
 B = Non-inter-level travel time spent in this place.
 C = Inter-level travel time spent in this place.
 D = Time resting spent in this place.
 E = Time spent auto-exploring this place.
 F = Levels seen in this place.
 G = Mean time per level.
                   A        B        C        D        E       F      G
               +--------+--------+--------+--------+--------+-----+--------+
         Total |   4169 |   4034 |    135 |    373 |   2533 |   6 |  694.8 |
       Dungeon |   3960 |   3843 |    117 |    373 |   2533 |   5 |  792.0 |
        Temple |    208 |    190 |     18 |      0 |      0 |   1 |  208.0 |
               +--------+--------+--------+--------+--------+-----+--------+

Top non-repeatable levels by time:
     D:4: 1004 daAuts
     D:3: 950 daAuts
     D:1: 875 daAuts
     D:5: 581 daAuts
     D:2: 548 daAuts
  Temple: 208 daAuts
